 Dungeon Crawl Stone Soup version 0.26.1-2-gb8aa6d0cf2 (webtiles) character file.

Game seed: 14617828324550281348

338 Alarak the Conjurer (level 6, 0/32 HPs)
             Began as a Deep Elf Fire Elementalist on Mar 18, 2021.
             Was an Initiate of Vehumet.
             Slain by a goblin
             ... wielding a +0 club
             ... led by Robin
              (2 damage)
             ... on level 3 of the Dungeon.
             The game lasted 00:12:14 (3796 turns).

Alarak the Conjurer (Deep Elf Fire Elementalist)    Turns: 3796, Time: 00:12:15

Health: 0/32       AC:  4    Str:  6    XL:     6   Next: 29%
Magic:  14/14      EV: 11    Int: 21    God:    Vehumet [......]
Gold:   223        SH:  8    Dex: 15    Spells: 12/13 levels left

rFire    + . .     SeeInvis .   f - +0 dagger (curse)
rCold    x . .     Faith    .   r - +0 buckler
rNeg     . . .     Spirit   .   q - +0 leather armour (curse)
rPois    .         Reflect  +   (no helmet)
rElec    .         Harm     .   (no cloak)
rCorr    .         Rampage  .   (no gloves)
Will     .....                  n - +0 pair of boots (curse)
Stlth    ++........             d - amulet of reflection
HPRegen  0.10/turn              i - ring of fire
MPRegen  0.14/turn              (no ring)

@: no status effects
A: no striking features
a: Renounce Religion


You were on level 3 of the Dungeon.
You worshipped Vehumet.
Vehumet was noncommittal.
You visited 1 branch of the dungeon, and saw 4 of its levels.

You collected 223 gold pieces.

Inventory:

Hand Weapons
 f - a cursed +0 dagger (weapon)
Armour
 a - a +0 robe
 n - a cursed +0 pair of boots (worn)
 q - a cursed +0 leather armour (worn)
 r - a +0 buckler (worn)
Jewellery
 d - an amulet of reflection (around neck)
 i - a ring of fire (left hand)
Scrolls
 c - 7 scrolls of identify {unknown}
 e - 2 scrolls of immolation {unknown}
 g - 2 scrolls of teleportation {unknown}
 k - a scroll of magic mapping {unknown}
 l - 3 scrolls of fog {unknown}
 o - a scroll of blinking {unknown}
Potions
 b - a potion of degeneration {unknown}
 h - a potion of magic {unknown}
 j - a potion of brilliance {unknown}
 m - a potion of heal wounds {unknown}
 p - a potion of curing {unknown}


   Skills:
 - Level 2.4 Dodging
 - Level 2.4 Stealth
 + Level 4.3 Spellcasting
 - Level 6.6 Conjurations
 - Level 3.2 Fire Magic


You had 12 spell levels left.
You knew the following spells:

 Your Spells              Type           Power        Failure   Level
a - Foxfire               Conj/Fire      100%         4%          1

Your spell library contained the following spells:

 Spells                   Type           Power        Failure   Level
 Conjure Flame            Conj/Fire      37%          12%         3
 Sticky Flame             Conj/Fire      37%          36%         4
 Inner Flame              Hex/Fire       17%          43%         3
 Fireball                 Conj/Fire      18%          73%         5


Dungeon Overview and Level Annotations

Branches:
Dungeon (4/15)
 Temple: D:4-7

Altars:
Cheibriados
Vehumet

Annotations:
D:3 Robin


Message History

You closely miss the goblin.
The goblin is severely wounded.
The goblin hits you with a +0 club. You block the hobgoblin's attack.
The goblin hits you.
Robin says, "My army is invincible!"
The goblin hits you.
* * * LOW HITPOINT WARNING * * *
You closely miss the goblin.
The goblin is severely wounded.
The goblin closely misses you. The hobgoblin hits you with a +0 club.
* * * LOW HITPOINT WARNING * * *
You block the goblin's attack.
Robin roars a battlecry!
The goblin goes into a battle-frenzy!
You block the goblin's attack.
You hit the goblin.
You kill the goblin!
Vehumet accepts your kill. The goblin hits you with a +0 club.
You die...

#.....#.###.###.###........
#.###.#..#...#..# #.######. #
#.....#(........# #.# #. #
#.............#####†######. #
#.....##.......#........##. #
#.#.#.###.)......##.###.##. #
#.....# #......#.##.###.##. #
###.### #g.g......#........ # #.#
#g@g#.##.######.### # #.#
#####.#### #.# #.# ##'##
#####.### #####.##### ##...##
#........
#.........###.....###.###.##.
#.......#.##.......##.###....
#####.##....#.#.........#.##...#.
.............)'.......÷.)........
#####.##....#.#.........#.##...#.


You could see Robin, a hobgoblin (strong) and 2 goblins.

Vanquished Creatures
  Grinder (D:3)
  An orc wizard (D:3)
  5 adders
  An ooze (D:3)
  An adder skeleton (D:3)
  2 dart slugs (D:3)
  7 orcs (D:3)
  A ball python (D:3)
  4 giant cockroaches
  6 goblins
  8 hobgoblins
  4 jackals (D:1)
  2 quokkas (D:3)
  4 bats
  A frilled lizard (D:2)
  4 kobolds
  5 rats
57 creatures vanquished.

Vanquished Creatures (others)
  182 foxfires
182 creatures vanquished.

Grand Total: 239 creatures vanquished

Notes
Turn   | Place    | Note
-------+----------+-------------------------------------------
     0 | D:1      | Alarak the Deep Elf Fire Elementalist began the quest for
                  | the Orb.
     0 | D:1      | Reached XP level 1. HP: 10/10 MP: 6/6
   284 | D:1      | Reached skill level 2 in Conjurations
   289 | D:1      | Reached XP level 2. HP: 14/15 MP: 2/8
  1107 | D:2      | Reached skill level 3 in Conjurations
  1133 | D:2      | Found a snail-covered altar of Cheibriados.
  1519 | D:2      | Reached XP level 3. HP: 19/19 MP: 7/9
  1722 | D:2      | Found a faded altar of an unknown god.
  2216 | D:3      | Reached skill level 4 in Conjurations
  2413 | D:3      | Noticed Grinder
  2422 | D:3      | Paralysed by Grinder for 6 turns
  2431 | D:3      | Killed Grinder
  2432 | D:3      | Reached skill level 6 in Conjurations
  2432 | D:3      | Reached XP level 4. HP: 13/24 MP: 5/10
  2432 | D:3      | Reached XP level 5. HP: 15/28 MP: 5/11
  2614 | D:3      | Found a radiant altar of Vehumet.
  2626 | D:3      | Became a worshipper of Vehumet
  2646 | D:3      | Reached XP level 6. HP: 26/32 MP: 5/12
  3787 | D:4      | Noticed Robin
  3796 | D:3      | Slain by a goblin

Illustrated notes

Levels and vault maps discovered:
D:1:      ncdulo_watergridlock, layout_basic, minmay_quantized
D:2:      layout_basic, cheibriados_altar_1, chequers_ecumenical_altar_twisty,
          nrook_mini_backslash, minmay_misc_feat_tiny
D:3:      layout_loops_corners, vehumet_crystals, grunt_ministairs_9,
          uniq_grinder
D:4:      layout_rooms, nrook_mini_vaults, nicolae_tso_besieged_by_evil,
          uniq_robin, uniq_menkaure

Skill      XL: |  1  2  3  4  5  6 |
---------------+-------------------+-----
Conjurations   | 2 3 6 |  6.6
Spellcasting   | 4 |  4.3
Dodging        | |  2.4
Stealth        | |  2.4
Fire Magic     | |  3.2

Action                   |  1- 3 |  4- 6 || total
-------------------------+-------+-------++-------
Melee: Dagger            |       |     6 ||     6
 Cast: Foxfire           |    75 |    40 ||   115
Armor: Robe              |     3 |       ||     3
       Leather armour    |       |     2 ||     2
Dodge: Dodged            |    21 |     6 ||    27
Block: Other             |     1 |       ||     1
       Reflection        |     1 |       ||     1
       Buckler           |       |    12 ||    12
